 Dungeon Crawl Stone Soup version 0.31-a0-963-ga325b2283a (webtiles) character file.

Game seed: 14059915015845392399

36530 Gladio the Markself (level 13, -2/73 HPs)
             Began as a Deep Elf Hunter on Oct 24, 2023.
             Was an Elder of Hepliaklqana.
             Slain by a snapping turtle (12 damage)
             ... on level 5 of the Lair of Beasts.
             The game lasted 00:41:37 (14228 turns).

Gladio the Markself (Deep Elf Hunter)              Turns: 14228, Time: 00:41:37

Health: -2/73      AC:  8    Str:  8    XL:     13   Next: 53%
Magic:  20/20      EV: 31    Int: 16    God:    Hepliaklqana [****..]
Gold:   933        SH:  0    Dex: 28    Spells: 12/12 levels left

rFire   . . .        a - +0 orcbow
rCold   . . .        (shield currently unavailable)
rNeg    + . .        v - +2 robe {rN+}
rPois   .            M - +0 helmet
rElec   .            x - +0 cloak
rCorr   .            i - +0 pair of gloves
SInv    .            d - +0 pair of boots
Will    +....        w - amulet of the acrobat
Stlth   ++           s - +5 ring of evasion
HPRegen 0.32/turn    B - +6 ring of dexterity
MPRegen 0.17/turn

%: acrobat
@: about to teleport, very slow
A: reduced essence
a: Renounce Religion, Recall Ancestor, Ancestor Identity, Transference, Idealise


You were on level 5 of the Lair of Beasts.
You worshipped Hepliaklqana.
Hepliaklqana was greatly pleased with you.
You visited 2 branches of the dungeon, and saw 15 of its levels.

You collected 1365 gold pieces.
You spent 432 gold pieces at shops.

Inventory:

Hand Weapons
 a - a +0 orcbow (weapon)
Missiles
 b - 7 throwing nets
Armour
 c - a +0 leather armour
 d - a +0 pair of boots (worn)
 i - a +0 pair of gloves (worn)
 v - a +2 robe of positive energy (worn)
 x - a +0 cloak (worn)
 C - the +3 ring mail of Yfrutiot {rF+}
   (You found it on level 6 of the Dungeon)

   rF+:       It protects you from fire.
 M - a +0 helmet (worn)
Jewellery
 o - a ring of ice
 s - a +5 ring of evasion (left hand)
 t - a ring of protection from fire
 w - an amulet of the acrobat (around neck)
 B - a +6 ring of dexterity (right hand)
 F - a +4 ring of protection
 S - a +5 ring of evasion
 U - a ring of see invisible
 V - the ring of Ito Rixulo {Contam rF- AC+4 Int+7}
   (You found it on level 3 of the Lair of Beasts)

   [ring of protection]

   AC+4:      It affects your AC (+4).
   Int+7:     It affects your intelligence (+7).
   rF-:       It makes you vulnerable to fire.
   Contam:    It causes magical contamination when unequipped.
Wands
 l - a wand of iceblast (7)
 E - a wand of flame (64)
 G - a wand of polymorph (8)
 I - a wand of paralysis (12)
Scrolls
 e - 5 scrolls of enchant weapon
 g - 4 scrolls of noise
 j - 3 scrolls of immolation
 n - 4 scrolls of revelation
 p - a scroll of teleportation
 q - 2 scrolls of poison
 y - a scroll of enchant armour
 z - a scroll of amnesia {unknown}
 A - a scroll of silence {unknown}
 K - 3 scrolls of torment
 L - a scroll of butterflies
 Q - a scroll of fear
Potions
 f - 2 potions of lignification
 h - 3 potions of magic
 k - a potion of resistance
 m - a potion of haste {unknown}
 r - 2 potions of brilliance {unknown}
 u - 2 potions of might
 D - 2 potions of cancellation {unknown}
 H - 2 potions of curing
 J - a potion of invisibility {unknown}
 N - 2 potions of mutation {unknown}
 O - 2 potions of ambrosia
 P - a potion of attraction {unknown}
 R - a potion of degeneration {unknown}
 T - 2 potions of heal wounds


   Skills:
 * Level 10.2 Fighting
 - Level 20.0 Ranged Weapons
 + Level 2.3 Armour
 + Level 13.7 Dodging
 - Level 1.2 Stealth
 + Level 7.4 Invocations


You had 12 spell levels left.
You didn't know any spells.
Your spell library contained the following spells:

 Spells                   Type           Power      Damage    Failure   Level
 Freeze                   Ice            0%         1d3       26%         1
 Frozen Ramparts          Ice            0%         1d1       58%         3
 Hailstorm                Conj/Ice       0%         3d3       58%         3
 Inner Flame              Hex/Fire       0%         N/A       58%         3
 Ozocubu's Armour         Ice            0%         N/A       58%         3
 Animate Dead             Necr           0%         N/A       94%         4
 Brom's Barrelling Bould  Conj/Erth      0%         2d3       94%         4
 Vhi's Electric Charge    Tloc/Air       0%         N/A       94%         4
 Arcjolt                  Conj/Air       0%         1d10      100%        5
 Fireball                 Conj/Fire      0%         3d3       100%        5
 Iskenderun's Battlesphe  Conj           0%         2d6       100%        5
 Metabolic Englaciation   Hex/Ice        0%         N/A       100%        5
 Yara's Violent Unravell  Hex/Tmut       0%         3d3       100%        5
 Conjure Ball Lightning   Conj/Air       0%         3x3d6     100%        6
 Plasma Beam              Fire/Air       0%         2x1d10    100%        6
 Simulacrum               Ice/Necr       0%         N/A       100%        6
 Enfeeble                 Hex            0%         N/A       100%        7
 Haunt                    Necr/Summ      0%         N/A       100%        7
 Orb of Destruction       Conj           0%         9d5       100%        7
 Infestation              Necr           0%         N/A       100%        8


Dungeon Overview and Level Annotations

Branches:
Dungeon (11/15)            Temple (0/1) D:6            Lair (3/5) D:11
  Swamp (0/4) Lair:2          Orc (0/2) D:11
  Snake: Lair:2-3    Spider: Lair:2-3

Altars:
Ashenzari
Cheibriados
Dithmenos
Hepliaklqana
Nemelex Xobeh
Okawaru
Trog
Uskayaw
Vehumet
Wu Jian
Yredelemnul

Shops:
D:3 =

Annotations:
D:7 exclusion: moth of wrath


Message History

The skyshark is moderately wounded.
You shoot an arrow.
The arrow hits the snapping turtle but does no damage.
The snapping turtle is severely wounded.
The snapping turtle closely misses you.
Aiming: Iceblast
Press: ? - help, Q - select action, (/) - cycle Shift-Dir - straight line, p - snapping turtle The mass of ice explodes!
The iceblast engulfs the snapping turtle but does no damage.
The snapping turtle is severely wounded.
The iceblast engulfs the skyshark!
The skyshark is moderately wounded.
You hear an angry hiss.
You hear a croak.
The snapping turtle completely misses you.
The skyshark completely misses you. The skyshark closely misses you.
The skyshark completely misses you.
As you read the scroll of teleportation, it crumbles to dust.
You feel strangely unstable.
The snapping turtle completely misses you.
The skyshark completely misses you. The skyshark barely misses you. x2
A wyvern comes into view.
The snapping turtle completely misses you.
The skyshark attacks as it pursues you! The skyshark completely misses you. x3
The wyvern moves out of view.
The snapping turtle attacks as it pursues you!
The snapping turtle bites you but does no damage.
The skyshark attacks as it pursues you! The skyshark completely misses you.
The skyshark tail-slaps you. The skyshark completely misses you.
The skyshark completely misses you. x3
Your surroundings seem slightly different.
Splash!
You fall into the shallow water.
Moving in this stuff is going to be slow.
The snapping turtle bites you! The wyvern completely misses you.
As you read the scroll of teleportation, it crumbles to dust.
You feel strangely unstable. The wyvern misses you.
The snapping turtle bites you from afar!!
* * * LOW HITPOINT WARNING * * *
The snapping turtle bites you!
You die...

#~ ~ ~ ~. ~##.#
~#~##########~~#~.
~~P.~~~~.~.~~~~~~.
.#~.~~~~~~~~.~~. #
P~~~~.#[~~@#~~## ..#
P~~#P~~#.t#l~~~#...#
?~.~~....t~l~~~....#
P~P####..#..ยง.......
~. #.######+###.. .
##


You could see a skyshark, 2 snapping turtles and a wyvern.

Vanquished Creatures
  Fannar (D:11)
  A hydra (D:11)
  An ogre mage (D:11)
  A catoblepas (Lair:1)
  3 two-headed ogres (D:9)
  A tengu warrior (D:11)
  Lodul (D:11)
  A wolf spider (D:10)
  An orc knight (D:11)
  A manticore (D:11)
  2 cyclopes
  An elephant (Lair:3)
  A black mamba (Lair:2)
  Maurice (D:11)
  A gargoyle (D:10)
  Psyche (D:8)
  10 cane toads
  An unseen horror (D:10)
  7 komodo dragons
  A rime drake (Lair:3)
  A tengu conjurer (D:11)
  A meliai (D:9)
  A hornet (D:7)
  A polar bear (Lair:1)
  4 trolls
  7 blink frogs
  Prince Ribbit (D:8)
  A dream sheep (shapeshifter) (D:11)
  3 wyverns
  27 yaks
  3 vampire mosquitoes (D:10)
  A basilisk (Lair:1)
  A steam dragon (Lair:5)
  A swamp worm (Lair:2)
  5 water moccasins
  3 orc warriors
  3 black bears
  An ice beast (D:6)
  A sky beast (D:7)
  9 ogres
  2 centaurs
  A kobold brigand (D:11)
  2 phantoms (D:6)
  Blork the orc (D:4)
  11 bullfrogs
  5 scorpions
  3 gnoll sergeants
  8 wights
  6 killer bees (D:7)
  3 howler monkeys
  A lava snake (Lair:3)
  A jelly (D:8)
  2 orc priests
  2 gnoll boudas
  4 hounds
  An iguana (D:7)
  6 orc wizards
  44 gnolls
  9 adders
  3 shadow imps
  3 worms
  2 dart slugs
  36 orcs
  3 endoplasms
  2 giant cockroaches
  11 goblins
  10 hobgoblins
  17 jackals
  A quokka (D:4)
  6 ball pythons
  4 bats
  2 frilled lizards (D:1)
  17 kobolds
  11 rats
353 creatures vanquished.

Vanquished Creatures (collateral kills)
  Harold (D:11)
  A hydra (Lair:3)
  An ogre mage (D:11)
  A wolf spider (D:11)
  2 elephants (Lair:3)
  3 black mambas
  2 cane toads (Lair:2)
  A komodo dragon (Lair:2)
  A kobold demonologist (D:10)
  Grinder (D:5)
  A hornet (D:8)
  3 blink frogs
  A wyvern (D:9)
  A hog (shapeshifter) (D:11)
  A vampire mosquito (D:10)
  6 yaks
  2 swamp worms (Lair:2)
  2 water moccasins
  2 orc warriors
  3 ogres
  3 kobold brigands
  2 gnoll sergeants
  2 bullfrogs (Lair:2)
  A wight (D:9)
  A killer bee (D:7)
  An orc priest (D:7)
  A jelly (D:6)
  7 gnolls
  8 orcs
  A quokka (D:5)
  A kobold (D:8)
  2 butterflies (Lair:3)
66 creatures vanquished.

Vanquished Creatures (others)
  11 knights
  2 ancestors
13 creatures vanquished.

Grand Total: 432 creatures vanquished

Notes
Turn   | Place    | Note
-------+----------+-------------------------------------------
     0 | D:1      | Gladio the Deep Elf Hunter began the quest for the Orb.
     0 | D:1      | Reached XP level 1. HP: 12/12 MP: 3/3
   181 | D:1      | Reached XP level 2. HP: 17/17 MP: 4/4
   458 | D:1      | You fall into a shaft and drop 1 floor!
   472 | D:2      | Reached skill level 6 in Ranged Weapons
   523 | D:2      | Reached XP level 3. HP: 20/21 MP: 5/5
  1007 | D:2      | Found a hide-covered altar of Uskayaw.
  1283 | D:3      | Found a shadowy altar of Dithmenos.
  1335 | D:3      | Reached XP level 4. HP: 26/26 MP: 6/6
  1356 | D:3      | Found a faded altar of an unknown god.
  1592 | D:3      | Found Plog's Jewellery Boutique.
  1652 | D:3      | Noticed an ogre
  1663 | D:3      | Killed an ogre
  1664 | D:3      | Reached skill level 7 in Ranged Weapons
  1664 | D:3      | Reached XP level 5. HP: 31/31 MP: 7/7
  2326 | D:3      | Found a hazy altar of Hepliaklqana.
  2329 | D:3      | Found an ornate altar of the Wu Jian Council.
  2335 | D:3      | Became a worshipper of Hepliaklqana the Forgotten
  2340 | D:3      | Found a broken altar of Ashenzari.
  2610 | D:3      | Reached XP level 6. HP: 36/36 MP: 8/8
  2701 | D:3      | Reached skill level 8 in Ranged Weapons
  3030 | D:3      | Reached skill level 5 in Dodging
  3030 | D:3      | Reached XP level 7. HP: 20/41 MP: 9/9
  3245 | D:3      | Reached skill level 9 in Ranged Weapons
  4131 | D:4      | Reached * piety under Hepliaklqana
  4242 | D:4      | Noticed Blork the orc
  4257 | D:4      | Killed Blork the orc
  4258 | D:4      | Reached skill level 10 in Ranged Weapons
  4275 | D:4      | Reached XP level 8. HP: 43/43 MP: 10/10
  4321 | D:4      | Noticed a +0 dagger
  4321 | D:4      | Noticed a +0 dagger
  4325 | D:4      | Found a hide-covered altar of Uskayaw.
  4502 | D:5      | Entered Level 5 of the Dungeon
  4510 | D:5      | Noticed Grinder
  4571 | D:5      | Killed Grinder
  4747 | D:5      | Reached skill level 11 in Ranged Weapons
  4920 | D:5      | Found a sparkling altar of Nemelex Xobeh.
  5000 | D:5      | Found an iron altar of Okawaru.
  5224 | D:6      | Reached skill level 5 in Fighting
  5279 | D:6      | Reached skill level 12 in Ranged Weapons
  5292 | D:6      | Reached XP level 9. HP: 48/48 MP: 11/11
  5435 | D:3      | Bought a +6 ring of dexterity for 432 gold pieces
  5579 | D:6      | Found a staircase to the Ecumenical Temple.
  5599 | D:6      | Reached ** piety under Hepliaklqana
  5600 | D:6      | Remembered your ancestor Xochitl as a knight
  5643 | D:6      | Identified the +3 ring mail of Yfrutiot {rF+}
  6189 | D:7      | Noticed a troll
  6193 | D:7      | Reached skill level 13 in Ranged Weapons
  6200 | D:7      | Killed a troll
  6558 | D:7      | Reached skill level 14 in Ranged Weapons
  6819 | D:7      | Noticed a moth of wrath
  6822 | D:7      | Found a bloodstained altar of Trog.
  6857 | D:8      | Found the +11 Singing Sword {sonic wave}
  6888 | D:8      | Reached XP level 10. HP: 54/54 MP: 12/12
  6964 | D:8      | Noticed Psyche
  6975 | D:8      | Killed Psyche
  7223 | D:8      | Found a snail-covered altar of Cheibriados.
  7223 | D:8      | Noticed Prince Ribbit
  7230 | D:8      | Killed Prince Ribbit
  7276 | D:8      | Reached skill level 15 in Ranged Weapons
  7737 | D:9      | Reached *** piety under Hepliaklqana
  7759 | D:9      | Noticed a two-headed ogre
  7821 | D:9      | Killed a two-headed ogre
  7822 | D:9      | Reached skill level 10 in Dodging
  8050 | D:9      | Noticed a cyclops
  8067 | D:9      | Reached skill level 16 in Ranged Weapons
  8200 | D:9      | Killed a cyclops
  8201 | D:9      | Reached XP level 11. HP: 60/60 MP: 13/13
  8229 | D:9      | Noticed a two-headed ogre
  8295 | D:9      | Killed a two-headed ogre
  8587 | D:9      | Noticed a two-headed ogre
  8594 | D:9      | Killed a two-headed ogre
  8631 | D:9      | Identified the +7 dire flail of Resourcefulness {speed, Fly
                  | rC+}
  8994 | D:10     | Entered Level 10 of the Dungeon
  9096 | D:10     | Reached skill level 17 in Ranged Weapons
  9396 | D:10     | Reached **** piety under Hepliaklqana
  9455 | D:10     | Found a basalt altar of Yredelemnul.
  9457 | D:10     | Found a radiant altar of Vehumet.
  9957 | D:11     | Reached skill level 1 in Invocations
 10008 | D:11     | Noticed a wolf spider
 10008 | D:11     | Noticed a tengu warrior
 10008 | D:11     | Noticed an ogre mage
 10008 | D:11     | Noticed a wolf spider
 10029 | D:11     | Killed an ogre mage
 10119 | D:11     | Killed a tengu warrior
 10120 | D:11     | Noticed an ogre mage
 10125 | D:11     | Killed an ogre mage
 10146 | D:11     | Noticed Fannar
 10149 | D:11     | Noticed an orc knight
 10189 | D:10     | Killed a wolf spider
 10190 | D:10     | Reached skill level 18 in Ranged Weapons
 10329 | D:11     | Found a staircase to the Lair.
 10385 | D:11     | Found a staircase to the Orcish Mines.
 10394 | D:11     | Reached XP level 12. HP: 44/67 MP: 16/16
 10548 | D:11     | Noticed Lodul
 10559 | D:11     | Killed Lodul
 10655 | D:11     | Noticed Harold
 10672 | D:11     | Killed Harold
 10764 | D:11     | Noticed a five-headed hydra
 11295 | D:11     | Killed Fannar
 11297 | D:11     | Noticed Maurice
 11301 | D:11     | Killed Maurice
 11334 | D:11     | Killed a five-headed hydra
 11335 | D:11     | Reached skill level 19 in Ranged Weapons
 11335 | D:11     | Reached skill level 5 in Invocations
 11474 | Lair:1   | Entered Level 1 of the Lair of Beasts
 11500 | Lair:1   | Noticed a catoblepas
 11518 | Lair:1   | Killed a catoblepas
 12695 | Lair:2   | Found a dark tunnel.
 12768 | Lair:2   | Reached XP level 13. HP: 72/72 MP: 19/19
 12954 | Lair:2   | Found a staircase to the Swamp.
 13001 | Lair:2   | Reached skill level 20 in Ranged Weapons
 13710 | Lair:3   | Reached skill level 1 in Armour
 13746 | Lair:3   | Identified the ring of Ito Rixulo {Contam rF- AC+4 Int+7}
 14115 | Lair:3   | Reached skill level 10 in Fighting
 14154 | Lair:3   | You fall into a shaft and drop 2 floors!
 14154 | Lair:5   | Entered Level 5 of the Lair of Beasts
 14228 | Lair:5   | Slain by a snapping turtle

Illustrated notes

Levels and vault maps discovered:
D:1:      dpeg_arrival_ternary, layout_basic, minmay_misc_feat_encased
D:2:      layout_loops_ring, basic_altar
D:3:      lemuel_castle_with_subvaults [lemuel_castle_interior_original],
          layout_basic, grunt_temple_overflow_diamond,
          nicolae_dithmenos_the_darkroom, shapermc_ecumenical_altar_ellora,
          serial_shops, shop_fountains
D:4:      layout_basic, dancing_weapons_uskayaw, uniq_blork_the_orc
D:5:      layout_cave_pools, lemuel_doored_altar, lemuel_round_altar,
          nicolae_grassy_gnolls, uniq_grinder
D:6:      layout_rooms, minmay_temple_entry_gardened_gates, minmay_diced_spiral
D:7:      layout_loops_ring, tgw_trog, kennysheep_generic_room_2
D:8:      layout_loops_cross, slow_altar_1, uniq_psyche, uniq_prince_ribbit1
D:9:      kennysheep_blocky_room, layout_loops_corners
D:10:     layout_basic, jmf_multi_god_temple
D:11:     layout_loops_ring, lair_entry_dummy,
          kennysheep_orc_monster_closet_entryway, minivault_28, uniq_fannar,
          uniq_lodul, uniq_maurice, uniq_harold
Lair:1:   layout_cave_pods, grunt_megastairs_5
Lair:2:   layout_loops_ring, minmay_swamp_entry_worms,
          nicolae_volcano_entry_two_sided
Lair:3:   layout_hall_layers, nicolae_snake_entry_warm_welcome, st_stairs_9,
          hangedman_lair_generics_rect, lemuel_fruit_fields
Lair:5:   gammafunk_lair_ancient_temple, layout_cave_shapes, grunt_megastairs_2,
          serial_bayou_shore_a, infiniplex_staircase_pool, lemuel_fruit_fields,
          lemuel_fruit_fields

Skill      XL: |  1  2  3  4  5  6  7  8  9 10 11 12 13 |
---------------+----------------------------------------+-----
Ranged Weapons | 6 7 8 10 12 14 16 18 19 20 | 20.0
Dodging        | 3 4 5 6 7 8 10 11 13 | 13.7
Fighting       | 2 3 4 5 6 7 8 9 10 | 10.2
Invocations    | 3 6 7 |  7.4
Armour         | 2 |  2.3
Stealth        | |  1.2

Action                     |  1- 3 |  4- 6 |  7- 9 | 10-12 | 13-15 || total
---------------------------+-------+-------+-------+-------+-------++-------
  Melee: Unarmed           |       |       |       |     8 |       ||     8
   Fire: Shortbow          |   112 |   220 |   322 |       |       ||   654
         Orcbow            |       |       |   119 |   665 |   260 ||  1044
 Invoke: Recall Ancestor   |       |       |     2 |     5 |     1 ||     8
         Ancestor Life: Kn |       |       |     1 |       |       ||     1
         Idealise          |       |       |       |     3 |     2 ||     5
  Evoke: Wand              |       |       |       |     2 |     1 ||     3
    Use: Scroll            |     2 |     4 |     6 |    10 |     4 ||    26
         Potion            |       |       |     1 |     5 |       ||     6
   Stab: Confused          |       |       |       |     1 |       ||     1
 Armour: Leather armour    |    33 |    57 |    28 |       |       ||   118
         Robe              |       |       |    12 |    54 |    15 ||    81
         Skin              |       |       |       |     1 |       ||     1
  Dodge: Dodged            |    36 |    71 |    86 |   163 |    89 ||   445

Table legend: (Time is in decaauts)
 A = Elapsed time spent in this place.
 B = Non-inter-level travel time spent in this place.
 C = Inter-level travel time spent in this place.
 D = Time resting spent in this place.
 E = Time spent auto-exploring this place.
 F = Levels seen in this place.
 G = Mean time per level.
                   A        B        C        D        E       F      G
               +--------+--------+--------+--------+--------+-----+--------+
         Total |  13952 |  13123 |    829 |    663 |   9757 |  15 |  930.1 |
       Dungeon |  11312 |  10582 |    730 |    553 |   7767 |  11 | 1028.4 |
          Lair |   2640 |   2541 |     99 |    110 |   1989 |   4 |  660.0 |
               +--------+--------+--------+--------+--------+-----+--------+

Top non-repeatable levels by time:
     D:3: 2696 daAuts
    D:11: 1342 daAuts
     D:9: 1212 daAuts
  Lair:1: 1159 daAuts
    D:10: 1050 daAuts
  Lair:2: 987 daAuts
     D:8: 854 daAuts
     D:6: 828 daAuts
     D:7: 725 daAuts
     D:2: 702 daAuts
     D:4: 694 daAuts
     D:5: 614 daAuts
     D:1: 591 daAuts
  Lair:3: 436 daAuts
  Lair:5: 57 daAuts
